 Dungeon Crawl Stone Soup version 0.27-a0-1149-g4505690ab0 (webtiles) character file.

Game seed: 14011512657368703240

2 Sobieck the Skirmisher (level 1, 18/18 HPs)
             Began as a Demonspawn Fighter on May 12, 2021.
             Was a Follower of Kikubaaqudgha.
             Got out of the dungeon alive.
             The game lasted 00:01:15 (115 turns).

Sobieck the Skirmisher (Demonspawn Fighter)          Turns: 115, Time: 00:01:16

Health: 18/18      AC:  6    Str: 16    XL:     1   Next: 25%
Magic:  1/1        EV:  6    Int:  9    God:    Kikubaaqudgha [*.....]
Gold:   0          SH:  8    Dex: 12    Spells: 0/0 levels left

rFire    . . .     SeeInvis .   b - +0 hunting sling {sling}
rCold    . . .     Faith    .   c - +0 kite shield
rNeg     . . .     Spirit   .   f - +0 scale mail
rPois    .         Reflect  .   (no helmet)
rElec    .         Harm     .   (no cloak)
rCorr    .         Rampage  .   (no gloves)
Will     .....                  (no boots)
Stlth    ..........             (no amulet)
HPRegen  0.06/turn              (no ring)
MPRegen  0.07/turn              (no ring)

@: no status effects
A: no striking features
a: Renounce Religion, Receive Corpses


You escaped.
You worshipped Kikubaaqudgha.
Kikubaaqudgha was aware of your devotion.
You visited 1 branch of the dungeon, and saw 2 of its levels.


   Skills:
 + Level 3.0 Fighting
 * Level 1.8 Long Blades
 + Level 2.7 Armour
 + Level 2.7 Shields


You couldn't memorise any spells.
You didn't know any spells.
Your spell library contained the following spells:

 Spells                   Type           Power      Damage    Failure   Level
 Pain                     Necr           0%         1d4       100%        1
 Corpse Rot               Necr/Air       N/A        N/A       100%        2
 Sublimation of Blood     Necr           0%         N/A       100%        2
 Vampiric Draining        Necr           0%         2d6       100%        3

Inventory:

Hand Weapons
 a - a +0 long sword {long}
 b - a +0 hunting sling (weapon) {sling}
   (You found it on level 1 of the Dungeon)
Missiles
 g - 22 bolts
 h - 18 sling bullets (quivered ammo)
Armour
 c - a +0 kite shield (worn)
 f - a +0 scale mail (worn)
Scrolls
 e - a scroll of identify {unknown}
Potions
 d - a potion of might

Dungeon Overview and Level Annotations

Branches:
Dungeon (2/15)

Altars:
Kikubaaqudgha

.......................
#..............# .......
...............##.....).
........##............# ..
.##.....##............##..
..........................
..........................
.....##........>.........#
.....##.........@........#
.......................... .
............................
........##............##....
........##............##....
...............##...........
...............##...........
...........................#
........###....##...........


There were no monsters in sight!


Message History

There is a stone staircase leading down here.
You climb downwards.
There is a stone staircase leading up here.
A ball python comes into view.
The ball python hisses angrily.
You completely miss the ball python. You block the ball python's attack. x2
The ball python barely misses you. You block the ball python's attack.
You barely miss the ball python. You block the ball python's attack. x2
The ball python bites you.
The ball python barely misses you. 😕 HP[-1]
You take 1 damage, and now have 17/18 hp.
You hit the ball python but do no damage.
The ball python bites you but does no damage.
You block the ball python's attack. The ball python bites you.
You block the ball python's attack. 😕 HP[-1]
You take 1 damage, and now have 16/18 hp.
Your shield and scale mail prevent you from hitting the ball python.
You block the ball python's attack. x2
You hit the ball python.
You kill the ball python!
No target in view!
No target in view!
No target in view!
No target in view!
(D) Dungeon
Where to? (? - help)
There is a stone staircase leading up here.
You climb upwards.
There is a stone staircase leading down here. 😕 HP[+1]
A bat comes into view. 😎 HP[+1]
Your hp is fully restored (18).
The bat hits you. 😕 HP[-1]
You take 1 damage, and now have 17/18 hp.
You miss the bat. The bat hits you but does no damage.
Your shield and scale mail prevent you from hitting the bat.
You block the bat's attack. x2
The bat completely misses you. The bat hits you but does no damage.
You barely miss the bat. The bat barely misses you.
You riposte.
You closely miss the bat. 😎 HP[+1]
Your hp is fully restored (18).
You closely miss the bat. You block the bat's attack.
The bat hits you. 😕 HP[-1]
You take 1 damage, and now have 17/18 hp.
You barely miss the bat. You block the bat's attack. x2
The bat hits you but does no damage.
You hit the bat but do no damage. The bat hits you but does no damage.
You block the bat's attack. The bat barely misses you.
You block the bat's attack. The bat barely misses you.
You hit the bat.
You kill the bat!
No target in view!
No target in view!
You see here a +0 hunting sling {sling}.
f - a +0 hunting sling {sling} Adjust (i)tems, (s)pells, or (a)bilities?
f - a +0 hunting sling {sling} Adjust to which letter? (? for menu, Esc to quit)
a - a +0 hunting sling {sling};
f - a +0 long sword (weapon)
{long} Adjust (i)tems, (s)pells, or (a)bilities?
f - a +0 long sword (weapon)
{long} Adjust to which letter? (? for menu, Esc to quit)
a - a +0 long sword (weapon)
{long};
f - a +0 hunting sling {sling} Adjust (i)tems, (s)pells, or (a)bilities?
f - a +0 hunting sling {sling} Adjust to which letter? (? for menu, Esc to quit)
b - a +0 hunting sling {sling};
f - a +0 scale mail (worn)
b - a +0 hunting sling (weapon)
{sling}
a - a +0 long sword (weapon)
{long} 😎 HP[+1]
Your hp is fully restored (18).
b - a +0 hunting sling (weapon)
{sling} Unknown command.
Found a faded altar of an unknown god.
g - 22 bolts
h - 18 sling bullets
There is a faded altar of an unknown god here.
You cannot tell which god this altar belongs to.
Convert to them anyway?
Okay, then.
You cannot tell which god this altar belongs to.
Convert to them anyway?
Kikubaaqudgha accepts your prayer! Kikubaaqudgha welcomes you!
You can now receive cadavers from Kikubaaqudgha.
You see here Kikubaaqudgha's Compendium of Stolen Souls.
Kikubaaqudgha grants you a gift!
You pick up Kikubaaqudgha's Compendium of Stolen Souls and begin reading...
You add the spells Pain, Corpse Rot, Sublimation of Blood and Vampiric Draining to your library.
(D) Dungeon
Where to? (Enter - D:1, ? - help)
Okay, then.
Unknown command.
There is a stone staircase leading down here.
There is a staircase leading out of the dungeon here.
Are you sure you want to leave the Dungeon?
This will make you lose the game!
You have escaped!

Action                   || total
-------------------------++-------
Melee: Long sword        ||    12
Armor: Scale mail        ||     5
Dodge: Dodged            ||     6
Block: Kite shield       ||    16
       Rpst.: Long sword ||     1

Levels and vault maps discovered:
D:1:      dpeg_arrival_stonehenge_8_columns, layout_rooms,
          ebering_ecumenical_altar_box, serial_bayou_pond_c, st_stairs_8
D:2:      minmay_wonky_spiral, layout_rooms, serial_shops, shop, uniq_sigmund

Notes
Turn   | Place    | Note
-------+----------+-------------------------------------------
     0 | D:1      | Sobieck the Demonspawn Fighter began the quest for the Orb.
     0 | D:1      | Reached XP level 1. HP: 18/18 MP: 1/1
     0 | D:1      | magus.rc [v1.9.6]
    87 | D:1      | Found a faded altar of an unknown god.
    96 | D:1      | Became a worshipper of Kikubaaqudgha
    96 | D:1      | Reached * piety under Kikubaaqudgha
    96 | D:1      | Identified Kikubaaqudgha's Compendium of Stolen Souls
                  | (Kikubaaqudgha gifted it to you on level 1 of the Dungeon)
    96 | D:1      | Received a gift from Kikubaaqudgha
    97 | D:1      | You add the spells Pain, Corpse Rot, Sublimation of Blood
                  | and Vampiric Draining to your library.
   115 | D:$      | Got out of the dungeon alive.

Vanquished Creatures
  A bat (D:1)
  A ball python (D:2)
2 creatures vanquished.

Table legend:
 A = Non-vault XP
 B = Vault XP
 C = Vault XP percentage of total XP
 D = Non-vault monster count
 E = Vault monster count
 F = Vault count percentage of total count
                 A         B        C        D         E       F
            +---------+---------+-------+---------+---------+-------
      Total |       3 |       0 |   0.0 |       2 |       0 |   0.0
            +---------+---------+-------+---------+---------+-------
        D:1 |       2 |       0 |   0.0 |       1 |       0 |   0.0
        D:2 |       1 |       0 |   0.0 |       1 |       0 |   0.0
            +---------+---------+-------+---------+---------+-------

Illustrated notes

Table legend:
 A = Kills in this place as a percentage of kills in entire the game.
 B = Kills by you in this place as a percentage of kills by you in the entire game.
 C = Kills by friends in this place as a percentage of kills by friends in the entire game.
 D = Other kills in this place as a percentage of other kills in the entire game.
 E = Experience gained in this place as a percentage of experience gained in the entire game.
 F = Experience gained in this place divided by the number of levels of this place that you have seen.
                   A       B       C       D       E      F
               +-------+-------+-------+-------+-------+----------------------
         Total | 100.0 | 100.0 |   N/A |   N/A | 100.0 |   1.5
       Dungeon | 100.0 | 100.0 |   N/A |   N/A | 100.0 |   1.5
               +-------+-------+-------+-------+-------+----------------------

Table legend: (Time is in decaauts)
 A = Elapsed time spent in this place.
 B = Non-inter-level travel time spent in this place.
 C = Inter-level travel time spent in this place.
 D = Time resting spent in this place.
 E = Time spent auto-exploring this place.
 F = Levels seen in this place.
 G = Mean time per level.
                   A        B        C        D        E       F      G
               +--------+--------+--------+--------+--------+-----+--------+
         Total |    120 |    114 |      6 |      0 |     23 |   2 |   60.0 |
       Dungeon |    120 |    114 |      6 |      0 |     23 |   2 |   60.0 |
               +--------+--------+--------+--------+--------+-----+--------+

Top non-repeatable levels by time:
     D:1: 103 daAuts
     D:2: 17 daAuts
